 Dungeon Crawl Stone Soup version 0.27.0-1-g7a08968 (webtiles) character file.

Game seed: 2832344398358310225

107 BALLS the Magician (level 4, -2/30 HPs)
             Began as a Mummy Conjurer on Jan 23, 2022.
             Slain by an ogre (32 damage)
             ... on level 4 of the Dungeon.
             The game lasted 00:06:32 (3944 turns).

BALLS the Magician (Mummy Conjurer)                 Turns: 3944, Time: 00:06:36

Health: -2/30      AC:  4    Str: 10    XL:     4   Next: 56%
Magic:  7/12       EV: 11    Int: 18    God:
Gold:   103        SH:  0    Dex: 10    Spells: 1/15 levels left

rFire    . . .     SeeInvis .   c - +0 dagger
rCold    . . .     Faith    .   (no shield)
rNeg     + + +     Spirit   .   a - +0 robe
rPois    ∞         Reflect  .   h - +0 helmet
rElec    .         Harm     .   (no cloak)
rCorr    .         Rampage  .   b - +0 pair of gloves
Will     .....                  (no boots)
Stlth    ++........             (no amulet)
HPRegen  0.10/turn              e - ring of wizardry
MPRegen  0.13/turn              g - ring of fire

@: no status effects
A: cold resistance 1, negative energy resistance 3, torment resistance 2, heat
vulnerability 1, no potions
a: no special abilities


You were on level 4 of the Dungeon.
You visited 1 branch of the dungeon, and saw 4 of its levels.

You collected 103 gold pieces.

Inventory:

Hand Weapons
 c - a +0 dagger (weapon)
Armour
 a - a +0 robe (worn)
 b - a +0 pair of gloves (worn)
 h - a +0 helmet (worn)
Jewellery
 e - a ring of wizardry (left hand)
 g - a ring of fire (right hand)
 i - a ring of flight
Wands
 f - a wand of digging (5)
Scrolls
 d - 5 scrolls of identify {unknown}
 j - a scroll of amnesia {unknown}
 k - a scroll of immolation {unknown}
 l - a scroll of teleportation {unknown}


   Skills:
 - Level 1.5 Dodging
 - Level 1.5 Stealth
 + Level 6.0 Spellcasting
 - Level 3.2 Conjurations


You had one spell level left.
You knew the following spells:

 Your Spells              Type           Power      Damage    Failure   Level
a - Magic Dart            Conj           68%        1d6       1%          1
b - Searing Ray           Conj           34%        3d4       1%          2
c - Dazzling Flash        Conj/Hex       22%        N/A       8%          3
d - Fulminant Prism       Conj/Hex       5%         3d7       24%         4
e - Iskenderun's Mystic   Conj/Tloc      11%        2d4       24%         4

Your spell library contained the following spells:

 Spells                   Type           Power      Damage    Failure   Level
 Mephitic Cloud           Conj/Pois/Air  9%         N/A       9%          3
 Ignite Poison            Fire/Tmut/Pois 8%         N/A       14%         3
 Bolt of Magma            Conj/Fire/Erth 7%         4d6       61%         5


Dungeon Overview and Level Annotations

Branches:
Dungeon (4/15)
 Temple: D:4-7

Altars:


Innate Abilities, Weirdness & Mutations

You are immune to poison.
Your flesh is cold resistant. (rC+)
You are immune to negative energy. (rN+++)
You are immune to unholy pain and torment.
You are vulnerable to heat. (rF-)
You do not drink.


Message History

This spell is extremely dangerous to cast!
Memorise Fulminant Prism, consuming 4 spell levels and leaving 5?
You start memorising the spell.
You continue memorising. x4
You finish memorising.
Spell assigned to 'd'.
This spell is extremely dangerous to cast!
Memorise Iskenderun's Mystic Blast, consuming 4 spell levels and leaving 1?
You hear the slow rusting of a drain nearby.
You start memorising the spell.
You continue memorising. x4
You finish memorising.
Spell assigned to 'e'.
Okay, then.
Found a stone staircase leading up.
An ogre comes into view. It is wielding a +0 giant club.
The ogre shouts!
A ball python comes into view.
A giant cockroach comes into view.
A river rat comes into view.
Casting: Searing Ray (safe; 1% risk of failure)
Confirm with . or Enter, or press ? or * to list all spells.
Aiming: Searing Ray (safe; 1% risk of failure)
Press: ? - help, Shift-Dir - straight line, f - ogre
Aim: an ogre, wielding a +0 giant club (89% to hit)
The searing ray hits the ogre.
The ogre is lightly wounded.
The searing ray hits the ball python!
You kill the ball python! (Press . to maintain the ray.)
The searing ray hits the ogre.
The ogre is moderately wounded.
The searing ray hits the ogre!
The ogre is severely wounded.
The ogre barely misses you.
A river rat comes into view.
The searing ray hits the ogre!
The ogre is almost dead.
The searing ray hits the giant cockroach.
You kill the giant cockroach!
You finish channeling your searing ray.
The ogre hits you with a +0 giant club!!
Ouch! That really hurt!
You die...

.... #......... ..r
+....<.... ##...
#......... ##..<
##(.....)# ##.†r##
##.....## #.....#
##...## #...# ##'##
#O# #.# ###@#### #.#
#......# ##.##
#.#.##.# ##...##
#.#.##.# #.....#
#.#.##.# ##...###
#.#.##.########.###.
#.#..>..............
#†####.#############
#.####.#


You could see an ogre and 2 river rats.

Vanquished Creatures
  Robin (D:3)
  2 adders
  An adder skeleton (D:4)
  4 worms
  2 dart slugs
  5 ball pythons
  5 bats
  3 endoplasms
  2 giant cockroaches
  15 goblins
  4 hobgoblins
  3 jackals (D:4)
  2 quokkas
  5 frilled lizards
  5 kobolds
59 creatures vanquished.

Vanquished Creatures (others)
  6 plants (D:2)
6 creatures vanquished.

Grand Total: 65 creatures vanquished

Notes
Turn   | Place    | Note
-------+----------+-------------------------------------------
     0 | D:1      | BALLS the Mummy Conjurer began the quest for the Orb.
     0 | D:1      | Reached XP level 1. HP: 13/13 MP: 4/4
   303 | D:1      | Reached skill level 3 in Spellcasting
   649 | D:1      | Reached XP level 2. HP: 19/19 MP: 2/6
  1209 | D:1      | Reached skill level 4 in Spellcasting
  1255 | D:1      | Found a faded altar of an unknown god.
  1779 | D:1      | Reached XP level 3. HP: 2/24 MP: 5/9
  1782 | D:1      | Learned a level 2 spell: Searing Ray
  2408 | D:2      | Reached skill level 5 in Spellcasting
  3216 | D:3      | Noticed Robin
  3219 | D:3      | Reached XP level 4. HP: 28/30 MP: 7/11
  3236 | D:3      | Killed Robin
  3905 | D:4      | Reached skill level 6 in Spellcasting
  3915 | D:4      | Learned a level 3 spell: Dazzling Flash
  3920 | D:4      | Learned a level 4 spell: Fulminant Prism
  3925 | D:4      | Learned a level 4 spell: Iskenderun's Mystic Blast
  3937 | D:4      | Noticed an ogre
  3944 | D:4      | Slain by an ogre

Illustrated notes

Levels and vault maps discovered:
D:1:      dpeg_arrival_brainrot, layout_loops_ring,
          ebering_ecumenical_altar_abandoned
D:2:      layout_loops_ring, serial_forest, infiniplex_forest_clump_small,
          infiniplex_forest_zigzag_1, infiniplex_forest_clump_medium,
          infiniplex_forest_lined_3, infiniplex_forest_clump_tiny,
          infiniplex_forest_lined_corner, infiniplex_forest_lined_ring,
          infiniplex_forest_lined_2
D:3:      layout_loops_ring, grunt_ministairs_9, uniq_robin
D:4:      layout_loops_corners, portal_sewer_entry_a

Skill      XL: |  1  2  3  4 |
---------------+-------------+-----
Spellcasting   | 3 4 5 6 |  6.0
Dodging        | |  1.5
Stealth        | |  1.5
Conjurations   | |  3.2

Action                   |  1- 3 |  4- 6 || total
-------------------------+-------+-------++-------
Melee: Unarmed           |     1 |       ||     1
       Dagger            |    29 |    10 ||    39
 Cast: Magic Dart        |    93 |     8 ||   101
       Searing Ray       |     3 |     6 ||     9
 Stab: Sleeping          |     3 |     3 ||     6
Armor: Robe              |    14 |     3 ||    17
Dodge: Dodged            |    19 |     9 ||    28
